 Dungeon Crawl Stone Soup version 0.30-a0-779-g7971cf19c3 (webtiles) character file.

Game seed: 17815074958833218184

8 domi the Conjurer (level 2, 19/19 HPs)
             Began as a Demonspawn Conjurer on Feb 17, 2023.
             Got out of the dungeon alive.
             The game lasted 00:00:28 (344 turns).

domi the Conjurer (Demonspawn Conjurer)              Turns: 344, Time: 00:00:28

Health: 19/19      AC:  2    Str:  7    XL:     2   Next: 0%
Magic:  5/5        EV: 12    Int: 19    God:
Gold:   11         SH:  0    Dex: 11    Spells: 4/5 levels left

rFire   . . .      SeeInvis .    (no weapon)
rCold   . . .      Faith    .    (no shield)
rNeg    . . .      Spirit   .    a - +0 robe
rPois   .          Reflect  .    (no helmet)
rElec   .          Harm     .    (no cloak)
rCorr   .          Rampage  .    (no gloves)
Will    .....                    (no boots)
Stlth   ++                       (no amulet)
HPRegen 0.23/turn                (no ring)
MPRegen 0.09/turn                (no ring)

@: no status effects
A: claws 1
a: no special abilities


You escaped.
You visited 1 branch of the dungeon, and saw 1 of its levels.

You collected 11 gold pieces.

Inventory:

Armour
 a - a +0 robe (worn)
Potions
 b - 2 potions of magic


   Skills:
 - Level 1.7 Dodging
 - Level 1.7 Stealth
 - Level 2.0 Spellcasting
 + Level 4.4 Conjurations


You had 4 spell levels left.
You knew the following spells:

 Your Spells              Type           Power      Damage    Failure   Level
z - Magic Dart            Conj           72%        1d6       2%          1

Your spell library contained the following spells:

 Spells                   Type           Power      Damage    Failure   Level
 Searing Ray              Conj           36%        2d5       4%          2
 Dazzling Flash           Conj/Hex       20%        N/A       21%         3
 Fulminant Prism          Conj/Hex       5%         3d6       56%         4
 Iskenderun's Mystic Bla  Conj/Tloc      10%        2d4       56%         4


Dungeon Overview and Level Annotations

Branches:
Dungeon (1/15)

Altars:


Innate Abilities, Weirdness & Mutations

You have sharp fingernails.


Message History

Found a staircase leading out of the dungeon.
Lua error: attempt to yield across metamethod/C-call boundary A kobold comes into view.
It is wielding a +0 whip.
A kobold is nearby!
A kobold is nearby!
A kobold is nearby!
Aim: a kobold, wielding a +0 whip and quivering stones (asleep, 100% to hit)
The magic dart hits the kobold.
You kill the kobold!
You now have 2/3 mp.
You can't see any susceptible monsters within range! (Use Z to cast anyway.)
You can't see any susceptible monsters within range! (Use Z to cast anyway.)
A dart slug comes into view.
MP restored: 3
Aim: a dart slug (asleep, 100% to hit)
The magic dart hits the dart slug.
You now have 2/3 mp.
Aim: a dart slug (moderately wounded, 100% to hit)
The magic dart hits the dart slug.
You now have 1/3 mp.
You can't see any susceptible monsters within range! (Use Z to cast anyway.)
You can't see any susceptible monsters within range! (Use Z to cast anyway.)
A dart slug is nearby!
A dart slug is nearby!
A dart slug is nearby!
Aim: a dart slug (heavily wounded, 100% to hit)
The magic dart hits the dart slug.
You kill the dart slug!
You now have 0/3 mp.
You don't have enough magic to cast this spell.
You don't have enough magic to cast this spell.
Found a stone staircase leading down.
MP restored: 3
Found an escape hatch in the floor.
You now have 11 gold pieces.
A rat comes into view.
Aim: a rat (100% to hit)
The magic dart hits the rat.
You kill the rat!
You now have 2/3 mp.
You can't see any susceptible monsters within range! (Use Z to cast anyway.)
You can't see any susceptible monsters within range! (Use Z to cast anyway.)
b - 2 potions of magic (gained 1)
You see here a +2 falchion of electrocution.
MP restored: 3 2 bats come into view.
There are monsters nearby!
There are monsters nearby!
Aim: a bat (asleep, 100% to hit)
The magic dart hits the bat.
You now have 2/3 mp.
Aim: a bat (heavily wounded, 100% to hit)
The magic dart hits the bat.
You kill the bat!
You now have 1/3 mp.
Aim: a bat (asleep, 100% to hit)
The magic dart hits the bat.
You kill the bat!
You now have 0/3 mp.
You don't have enough magic to cast this spell.
You don't have enough magic to cast this spell.
You don't have enough magic to cast this spell.
A hobgoblin comes into view.
MP restored: 3 A hobgoblin is nearby!
A hobgoblin is nearby!
A hobgoblin is nearby!
Aim: a hobgoblin (100% to hit)
The magic dart hits the hobgoblin.
You now have 2/3 mp.
Aim: a hobgoblin (severely wounded, 100% to hit)
The magic dart hits the hobgoblin.
You kill the hobgoblin!
You now have 1/3 mp.
You can't see any susceptible monsters within range! (Use Z to cast anyway.)
You can't see any susceptible monsters within range! (Use Z to cast anyway.)
Found a stone staircase leading down.
MP restored: 3 A ball python comes into view.
A ball python is nearby!
A ball python is nearby!
Aim: a ball python (asleep, 100% to hit)
The magic dart hits the ball python.
The ball python hisses angrily.
You now have 2/3 mp.
Aim: a ball python (moderately wounded, 100% to hit)
The magic dart hits the ball python.
You kill the ball python!
You have reached level 2!
You feel monstrous as your demonic heritage exerts itself.
Your demonic ancestry asserts itself...
Your fingernails lengthen.
Health restored: 19 You now have 1/5 mp.
There is a staircase leading out of the dungeon here.
MP restored: 5 Are you sure you want to leave the Dungeon?
This will make you lose the game!
Alright, then stay!
Are you sure you want to leave the Dungeon?
This will make you lose the game!
You have escaped!

#......## #.#...#..
####~...~######.#...#..
#≈#~.....~≈≈≈#.........
##~.......~###
##~.........~≈#
#~...........~#
##....~~~.....#
#....~...~...##
##...~.@.~....#
###..~...~....#
#.....~~~....##
##...........~#
#≈~.........~~#
#≈~≈.......~~≈#
######....#≈≈≈#
≈...~##### ...###


There were no monsters in sight!

Vanquished Creatures
  A dart slug (D:1)
  2 bats (D:1)
  A hobgoblin (D:1)
  A ball python (D:1)
  A kobold (D:1)
  A rat (D:1)
7 creatures vanquished.

Notes
Turn   | Place    | Note
-------+----------+-------------------------------------------
     0 | D:1      | domi the Demonspawn Conjurer began the quest for the Orb.
     0 | D:1      | Reached XP level 1. HP: 13/13 MP: 3/3
   299 | D:1      | Discovered your monstrous ancestry.
   299 | D:1      | Gained mutation: You have sharp fingernails. [demonic
                  | ancestry]
   299 | D:1      | Reached XP level 2. HP: 19/19 MP: 1/5
   344 | D:$      | Got out of the dungeon alive.

Illustrated notes

Levels and vault maps discovered:
D:1:      enne_arrival_octagon_isle, layout_basic,
          dilly_ecumenical_altar_fadedgnrine

Action                     || total
---------------------------++-------
   Cast: Magic Dart        ||    12

Table legend: (Time is in decaauts)
 A = Elapsed time spent in this place.
 B = Non-inter-level travel time spent in this place.
 C = Inter-level travel time spent in this place.
 D = Time resting spent in this place.
 E = Time spent auto-exploring this place.
 F = Levels seen in this place.
 G = Mean time per level.
                   A        B        C        D        E       F      G
               +--------+--------+--------+--------+--------+-----+--------+
         Total |    344 |    300 |     44 |      0 |    276 |   1 |  344.0 |
       Dungeon |    344 |    300 |     44 |      0 |    276 |   1 |  344.0 |
               +--------+--------+--------+--------+--------+-----+--------+

Top non-repeatable levels by time:
     D:1: 344 daAuts

Table legend:
 A = Kills in this place as a percentage of kills in entire the game.
 B = Kills by you in this place as a percentage of kills by you in the entire game.
 C = Kills by friends in this place as a percentage of kills by friends in the entire game.
 D = Other kills in this place as a percentage of other kills in the entire game.
 E = Experience gained in this place as a percentage of experience gained in the entire game.
 F = Experience gained in this place divided by the number of levels of this place that you have seen.
                   A       B       C       D       E      F
               +-------+-------+-------+-------+-------+----------------------
         Total | 100.0 | 100.0 |   N/A |   N/A | 100.0 |  12.0
       Dungeon | 100.0 | 100.0 |   N/A |   N/A | 100.0 |  12.0
               +-------+-------+-------+-------+-------+----------------------
